AoeStats
← !add 2

Arabia

507787538Analyzed
2v2 RM · 13d ago on Sep 19, 2026· 50m 21s· 4 players
Game mode
Random Map
Map size
Medium (4 player)
Population
200
Speed
Normal
Resources
Standard
Victory
Conquest
Starting age
Dark Age
Ending age
Imperial Age
RankedLock teamsTeams togetherTeam positionsShared explorationLock speedFull tech treeHidden civsTurbo modeCheats
Victory
Defeat
🇧🇷 Magyars · Brazil
789
+16
🇧🇷 Mongols · Brazil
775
+17
🇹🇷 Persians · Türkiye
915
-70
🇰🇿 Koreans · Kazakhstan
662
-20
Jovem Padawan
7:23 Loom
10:33 Feudal Age
12:30 Double-Bit Axe
13:20 Bloodlines
15:24 Horse Collar
16:59 Wheelbarrow
17:23 Forging
17:42 Town Watch
20:40 Scale Barding Armor
25:59 Castle Age
24:54 Gold Mining
27:00 Bow Saw
26:52 Heavy Plow
27:43 Hand Cart
28:15 Masonry
29:45 Town Patrol
29:58 Fervor
31:41 Fletching
31:51 Padded Archer Armor
32:13 Caravan
32:53 Bodkin Arrow
33:20 Chain Barding Armor
33:36 Iron Casting
34:41 Nomads
35:50 Ballistics
35:26 Murder Holes
36:30 Leather Archer Armor
37:21 Fortified Wall
37:53 Light Cavalry
38:34 Husbandry
39:18 Stone Mining
40:05 Gold Shaft Mining
40:11 Masonry
43:40 Imperial Age
42:01 Coinage
43:44 Elite Mangudai
44:45 Drill
44:46 Conscription
45:02 Hoardings
45:40 Chemistry
44:46 Siege Engineers
44:29 Capped Ram
46:34 Bracer
47:35 Blast Furnace
46:45 Hussar
48:12 Banking
47:09 Siege Ram
Neemias__OLI
8:46 Loom
13:03 Feudal Age
13:56 Stone Mining
13:53 Double-Bit Axe
14:52 Bloodlines
18:14 Gold Mining
21:41 Horse Collar
27:15 Castle Age
26:53 Scale Barding Armor
26:20 Man-at-Arms
27:35 Long Swordsman
29:24 Husbandry
33:19 Pikeman
33:33 Light Cavalry
35:39 Gold Shaft Mining
36:16 Murder Holes
38:47 Corvinian Army
42:28 Chain Barding Armor
42:53 Bow Saw
45:16 Imperial Age
42:41 Light Cavalry
45:42 Arson
46:38 Heavy Plow
48:35 Elite Magyar Huszar
!add 2
6:38 Loom
13:45 Feudal Age
19:44 Wheelbarrow
19:17 Double-Bit Axe
23:27 Gold Mining
24:08 Town Watch
28:34 Castle Age
27:53 Fletching
30:40 Crossbowman
31:24 Elite Skirmisher
36:13 Gold Shaft Mining
35:51 Bow Saw
35:27 Horse Collar
36:19 Pikeman
38:37 Bodkin Arrow
38:49 Squires
40:53 Thumb Ring
41:16 Ballistics
41:35 Stone Mining
43:53 Town Patrol
44:14 Forging
45:57 Hand Cart
50:35 Imperial Age
48:28 Heavy Plow
MossTea
6:47 Loom
13:11 Feudal Age
15:06 Wheelbarrow
15:38 Double-Bit Axe
17:03 Stone Mining
21:44 Horse Collar
22:18 Gold Mining
28:43 Castle Age
29:37 Pikeman
31:49 Man-at-Arms
31:50 Pikeman
38:53 Husbandry
Connection lost

Rejoining the realm…

Still unreachable

The connection could not be restored.

Session expired

The server has moved on; the page needs a fresh start.